 Dungeon Crawl Stone Soup version 0.27-a0-1149-g4505690ab0 (webtiles) character file.

Game seed: 11070988274446259776

6 Armakuni the Gusty (level 1, 0/16 HPs)
             Began as a Demigod Wanderer on May 13, 2021.
             Slain by a jackal (1 damage)
             ... on level 1 of the Dungeon.
             The game lasted 00:02:27 (92 turns).

Armakuni the Gusty (Demigod Wanderer)                 Turns: 92, Time: 00:02:28

Health: 0/16       AC:  2    Str: 15    XL:     1   Next: 60%
Magic:  0/5        EV: 11    Int: 15    God:
Gold:   0          SH:  0    Dex: 10    Spells: 0/2 levels left

rFire    . . .     SeeInvis .   a - +0 club
rCold    . . .     Faith    .   (no shield)
rNeg     . . .     Spirit   .   d - +0 robe
rPois    .         Reflect  .   (no helmet)
rElec    .         Harm     .   (no cloak)
rCorr    .         Rampage  .   (no gloves)
Will     .....                  (no boots)
Stlth    +.........             (no amulet)
HPRegen  0.05/turn              (no ring)
MPRegen  0.09/turn              (no ring)

@: no status effects
A: high mp 1, forlorn
a: no special abilities


You were on level 1 of the Dungeon.
You visited 1 branch of the dungeon, and saw 1 of its levels.

Inventory:

Hand Weapons
 a - a +0 club (weapon)
Armour
 d - a +0 robe (worn)
Potions
 c - a potion of lignification


   Skills:
 - Level 1.0 Fighting
 - Level 1.0 Staves
 - Level 1.0 Dodging
 - Level 1.0 Shields
 + Level 1.3 Spellcasting
 + Level 0.7 Ice Magic
 - Level 3.6 Air Magic
 - Level 1.0 Evocations


You couldn't memorise any spells.
You knew the following spells:

 Your Spells              Type           Power      Damage    Failure   Level
a - Shock                 Conj/Air       24%        1d4       12%         1
b - Freeze                Ice            12%        1d4       17%         1

Your spell library contained the following spells:

 Spells                   Type           Power      Damage    Failure   Level
 Swiftness                Air            11%        N/A       16%         3
 Static Discharge         Conj/Air       6%         N/A       17%         2
 Frozen Ramparts          Ice            6%         1d2       45%         3
 Airstrike                Air            5%         N/A       47%         4
 Lightning Bolt           Conj/Air       3%         1d14      97%         5


Dungeon Overview and Level Annotations

Branches:
Dungeon (1/15)


Innate Abilities, Weirdness & Mutations

Your attributes grow dramatically as you level up.
You have an increased reservoir of magic. (+10% MP)
You shall have no god before yourself.


Message History

You hit the jackal.
You kill the jackal!
You closely miss the jackal.
The jackal bites you but does no damage.
The jackal bites you.
You hit the jackal.
The jackal is moderately wounded.
The jackal bites you. The jackal closely misses you.
You barely miss the jackal.
The jackal is moderately wounded.
The jackal bites you. x2
Aiming: Shock (safe; 12% risk of failure)
Press: ? - help, Q - select action, (/) - cycle Shift-Dir - straight line, f - jackal
Aim: a jackal (moderately wounded, 55% to hit)
The zap hits the jackal.
The jackal is heavily wounded.
The jackal barely misses you.
You barely miss the jackal.
The jackal is heavily wounded.
The jackal misses you. The jackal barely misses you.
You barely miss the jackal.
The jackal is moderately wounded.
The jackal bites you. The jackal closely misses you.
You closely miss the jackal.
The jackal is moderately wounded.
The jackal bites you but does no damage.
The jackal bites you.
You closely miss the jackal.
The jackal is moderately wounded.
The jackal bites you.
* * * LOW HITPOINT WARNING * * *
You hit the jackal.
The jackal is heavily wounded.
The jackal bites you.
* * * LOW HITPOINT WARNING * * *
The jackal closely misses you.
You closely miss the jackal.
The jackal is heavily wounded.
The jackal bites you.
You die...

#.#.....#.#
#.........#
#.........#
#.#.....#.#
#.........#
#>...>...>#
###.##..###
#....##
####@# #h#
#.# #.# #.#
# #.# .# ##
#.# ##.#..#
#.# ......#
#.###.......


You could see a jackal.

Vanquished Creatures
  2 hobgoblins (D:1)
  A jackal (D:1)
  A kobold (D:1)
  A frilled lizard (D:1)
5 creatures vanquished.

Notes
Turn   | Place    | Note
-------+----------+-------------------------------------------
     0 | D:1      | Armakuni the Demigod Wanderer began the quest for the Orb.
     0 | D:1      | Armakuni set off with the following items: a +0 club, a
                  | potion of lignification, a +0 robe; and the following
                  | spells available to memorise: Shock, Static Discharge,
                  | Freeze, Swiftness, Airstrike, Frozen Ramparts, Lightning
                  | Bolt
     0 | D:1      | Reached XP level 1. HP: 16/16 MP: 4/4
     5 | D:1      | Learned a level 1 spell: Shock
     7 | D:1      | Learned a level 1 spell: Freeze
    92 | D:1      | Slain by a jackal

Illustrated notes

Levels and vault maps discovered:
D:1:      lemuel_arrival_broad_hall, layout_loops_ring, serial_shops, shop,
          shop, nicolae_shop_competitors_out_of_business, shop,
          nicolae_shop_behind_doors, ebering_ecumenical_altar_hall,
          dk_noncrumbling_4, minmay_domino_2

Action                   || total
-------------------------++-------
Melee: Club              ||    17
 Cast: Shock             ||     6
  Use: Potion            ||     1
Armor: Robe              ||     4
Dodge: Dodged            ||    11

Table legend: (Time is in decaauts)
 A = Elapsed time spent in this place.
 B = Non-inter-level travel time spent in this place.
 C = Inter-level travel time spent in this place.
 D = Time resting spent in this place.
 E = Time spent auto-exploring this place.
 F = Levels seen in this place.
 G = Mean time per level.
                   A        B        C        D        E       F      G
               +--------+--------+--------+--------+--------+-----+--------+
         Total |     96 |     96 |      0 |     16 |     24 |   1 |   96.0 |
       Dungeon |     96 |     96 |      0 |     16 |     24 |   1 |   96.0 |
               +--------+--------+--------+--------+--------+-----+--------+

Top non-repeatable levels by time:
     D:1: 96 daAuts
